 Dungeon Crawl Stone Soup version 0.26.1-11-gd32895ea62 (webtiles) character file.

Game seed: 15548989234630489052

53 nothank2 the Cutter (level 3, -1/28 HPs)
             Began as a Demonspawn Gladiator on June 16, 2021.
             Slain by an adder (3 damage)
             ... on level 2 of the Dungeon on June 22, 2021.
             The game lasted 00:06:50 (1101 turns).

nothank2 the Cutter (Demonspawn Gladiator)          Turns: 1101, Time: 00:06:50

Health: -1/28      AC: 14    Str: 15    XL:     3   Next: 64%
Magic:  3/3        EV:  5    Int:  9    God:
Gold:   107        SH:  0    Dex: 14    Spells: 2/2 levels left

rFire    . . .     SeeInvis .   a - +0 rapier
rCold    . . .     Faith    .   (no shield)
rNeg     . . .     Spirit   .   q - +1 plate armour
rPois    .         Reflect  .   c - +0 helmet
rElec    .         Harm     .   f - scarf {repulsion}
rCorr    .         Rampage  .   (no gloves)
Will     .....                  (no boots)
Stlth    ..........             (no amulet)
HPRegen  0.09/turn              (no ring)
MPRegen  0.08/turn              (no ring)

@: repel missiles
A: slimy green scales 1, powered by death 1
a: no special abilities


You were on level 2 of the Dungeon.
You visited 1 branch of the dungeon, and saw 2 of its levels.

You collected 107 gold pieces.

Inventory:

Hand Weapons
 a - a +0 rapier (weapon)
Missiles
 d - 3 throwing nets (quivered)
Armour
 c - a +0 helmet (worn)
 f - a scarf of repulsion (worn)
 q - a +1 plate armour (worn)
Scrolls
 j - a scroll of noise
 k - 2 scrolls of identify
 p - a scroll of teleportation
Potions
 e - a potion of attraction {unknown}
 i - a potion of curing {unknown}


   Skills:
 + Level 2.4 Fighting
 + Level 3.6 Short Blades
 - Level 1.7 Throwing
 * Level 1.3 Armour
 - Level 2.6 Dodging


You had 2 spell levels left.
You didn't know any spells.
Your spell library was empty.

Dungeon Overview and Level Annotations

Branches:
Dungeon (2/15)

Altars:
Yredelemnul


Innate Abilities, Weirdness & Mutations

You are partially covered in slimy green scales. (AC +2)
You regenerate a little health from kills.


Message History

The goblin shoots a stone.
The stone hits you.
* * * LOW HITPOINT WARNING * * *
Found an escape hatch in the floor.
You see here a stone.
The goblin shoots a stone.
The stone barely misses you. The ogre barely misses you.
The adder bites you but does no damage.
You see here 2 stones.
You see here a stone.
The adder bites you but does no damage. The adder bites you but does no damage.
The adder barely misses you. The adder bites you but does no damage.
The adder bites you but does no damage. The adder bites you but does no damage.
You see here a worm corpse.
The adder bites you.
* * * LOW HITPOINT WARNING * * *
Unknown command.
The adder bites you.
You die...

#.(# #g.......###.(.
#(.# ####..#.#####
##(# ........#
#...†##.########(#
........#
#...##.##...........
.......g# #.#
#.##......(.)..
......... ..
####.###..........
.......###
#####..O.#
#.......... .......#
#.....S###
#.......... ..>....#
#.<..@.# #..........
#..(...# #..........
#......# #..........
#......# #..........
#......# #..........
#....^.# ###########
########


You could see an ogre and an adder.

Vanquished Creatures
  Robin (D:2)
  A worm (D:2)
  A leopard gecko (D:1)
  A bat (D:1)
  A giant cockroach (D:1)
  11 goblins
  5 hobgoblins
  2 jackals (D:1)
  2 frilled lizards
  3 kobolds
  9 rats
37 creatures vanquished.

Notes
Turn   | Place    | Note
-------+----------+-------------------------------------------
     0 | D:1      | nothank2 the Demonspawn Gladiator began the quest for the
                  | Orb.
     0 | D:1      | Reached XP level 1. HP: 16/16 MP: 1/1
   234 | D:1      | Reached skill level 3 in Short Blades
   239 | D:1      | Gained mutation: You regenerate a little health from kills.
                  | [demonic ancestry]
   239 | D:1      | Reached XP level 2. HP: 22/22 MP: 2/2
   844 | D:2      | Noticed Robin
   867 | D:1      | Reached skill level 1 in Armour
   938 | D:2      | Gained mutation: You are partially covered in slimy green
                  | scales. (AC +2) [demonic ancestry]
   938 | D:2      | Reached XP level 3. HP: 25/27 MP: 3/3
   985 | D:2      | Killed Robin
  1039 | D:2      | Found a basalt altar of Yredelemnul.
  1055 | D:2      | Noticed an ogre
  1061 | D:2      | HP: 1/28 [ogre/+0 giant club (18)]
  1074 | D:2      | HP: 1/28 [goblin/stone (1)]
  1101 | D:2      | Slain by an adder

Illustrated notes

Levels and vault maps discovered:
D:1:      dpeg_arrival_ratfight, layout_rooms
D:2:      layout_rooms, yredelemnul_forgotten_temple_becter,
          nzn_wu_jian_council_hall, yredelemnul_altar_generic, uniq_terence,
          uniq_robin

Skill      XL: |  1  2 |
---------------+-------+-----
Short Blades   | 3 |  3.6
Armour         | 1 |  1.3
Fighting       | |  2.4
Throwing       | |  1.7
Dodging        | |  2.6

Action                   || total
-------------------------++-------
Melee: Rapier            ||   115
  Use: Scroll            ||     7
       Potion            ||     2
Armor: Leather armour    ||    11
       Plate armour      ||    66
       Skin              ||    36
Dodge: Dodged            ||    60
